 Dungeon Crawl Stone Soup version 0.24.1 (webtiles) character file.

Game seed: 11584571890873980926, levelgen mode: deterministic

121 Destapler the Sneak (level 4, -2/21 HPs)
             Began as a Spriggan Venom Mage on Mar 29, 2020.
             Slain by an orc
             ... wielding a +1 mace of protection
              (5 damage)
             ... on level 3 of the Dungeon.
             The game lasted 00:08:25 (2525 turns).

Destapler the Sneak (Spriggan Venom Mage)           Turns: 2525, Time: 00:08:25

Health: -2/21      AC:  3    Str:  4    XL:     4   Next: 77%
Magic:  7/9        EV: 19    Int: 17    God:
Gold:   97         SH:  0    Dex: 16    Spells: 8/9 levels left

rFire    . . .     SeeInvis +   p - +1 dagger (flame)
rCold    . . .     Gourm    .   (shield restricted)
rNeg     . . .     Faith    .   a - +0 robe
rPois    .         Spirit   .   (helmet restricted)
rElec    .         Reflect  .   n - +0 cloak
rCorr    .         Harm     .   (gloves unavailable)
MR       .....                  (boots unavailable)
Stlth    +++.......             (no amulet)
HPRegen  0.07/turn              (no ring)
MPRegen  0.11/turn              (no ring)

@: very slightly contaminated, very quick
A: very small, unfitting armour, see invisible, herbivore, speed 3, slow
metabolism 2
a: no special abilities


You were on level 3 of the Dungeon.
You were not hungry.

You visited 1 branch of the dungeon, and saw 3 of its levels.

You collected 97 gold pieces.

Inventory:

Hand Weapons
 f - a +0 dagger
 p - a +1 dagger of flaming (weapon)
Missiles
 g - 39 stones
 l - 7 boomerangs (quivered)
Armour
 a - a +0 robe (worn)
 n - a +0 cloak (worn)
Jewellery
 i - an uncursed ring of ice
Scrolls
 b - a scroll of amnesia {unknown}
 e - a scroll of fog {unknown}
 h - 3 scrolls of remove curse {unknown}
 k - 2 scrolls of identify {unknown}
 o - 2 scrolls of teleportation {unknown}
Potions
 d - a potion of haste {unknown}
 j - a potion of magic {unknown}
 m - a potion of berserk rage {unknown}
 q - a potion of brilliance {unknown}
 r - a potion of curing {unknown}
Comestibles
 c - 6 rations


   Skills:
 + Level 4.2 Dodging
 + Level 4.4 Stealth
 - Level 3.0 Spellcasting
 * Level 1.9 Conjurations
 + Level 3.6 Poison Magic


You had 8 spell levels left.
You knew the following spells:

 Your Spells              Type           Power        Failure   Level  Hunger
a - Sting                 Conj/Pois      ##..         5%          1    None

Your spell library contained the following spells:

 Spells                   Type           Power        Failure   Level  Hunger
 Poisonous Vapours        Pois/Air       #.....       12%         2    ##.....
 Mephitic Cloud           Conj/Pois/Air  #.......     24%         3    ###....
 Olgreb's Toxic Radiance  Pois           ###.....     36%         4    ####...
 Venom Bolt               Conj/Pois      ##........   83%         5    ######.


Dungeon Overview and Level Annotations

Branches:
Dungeon (3/15)

Altars:
Ashenzari
Ru


Innate Abilities, Weirdness & Mutations

You are very small and have problems with some larger weapons.
You are too small for most types of armour.
You have supernaturally acute eyesight. (SInv)
You are a herbivore.
You cover ground extremely quickly.
You need to consume almost no food.


Message History

The orc is moderately wounded.
The orc closely misses you. x2
You see here 9 gold pieces.
Throwing (i - inventory. (/) - cycle)
l - 7 boomerangs (quivered)
Press: ? - help, Shift-Dir - straight line, f/p - orc
Aim: an orc, wielding a +0 falchion and wearing a +0 leather armour (moderately wounded)
You throw a boomerang. The boomerang closely misses the orc.
Throwing (i - inventory. (/) - cycle)
l - 7 boomerangs (quivered)
Press: ? - help, Shift-Dir - straight line, f/p - orc
Aim: an orc, wielding a +0 falchion and wearing a +0 leather armour (moderately wounded)
You throw a boomerang.
The boomerang hits the orc but does no damage.
The orc is moderately wounded.
Throwing (i - inventory. (/) - cycle)
l - 7 boomerangs (quivered)
Press: ? - help, Shift-Dir - straight line, f/p - orc
Aim: an orc, wielding a +0 falchion and wearing a +0 leather armour (moderately wounded)
You throw a boomerang. The boomerang hits the orc.
The orc is severely wounded.
The orc hits you with a +1 mace of protection.
You die...

#<# #.# #.# #.# #.#
#######
######'###.....#
................###
##...........†....#
.............o@...+
.#...........o....#
#............#####
#.#..............#
#+#..............#
......).........#
..###..#####....#
#.. ....# #..
...#..


You could see 2 orcs.

Vanquished Creatures
  Terence (D:2)
  Robin (D:2)
  3 adders (D:2)
  An ooze (D:1)
  A dart slug (D:1)
  2 leopard geckos (D:1)
  An orc (D:3)
  A giant cockroach (D:1)
  15 goblins
  9 hobgoblins
  3 kobolds
  2 bats (D:2)
  2 frilled lizards (D:2)
  5 rats
47 creatures vanquished.

Notes
Turn   | Place    | Note
-------+----------+-------------------------------------------
     0 | D:1      | Destapler the Spriggan Venom Mage began the quest for the
                  | Orb.
     0 | D:1      | Reached XP level 1. HP: 9/9 MP: 5/5
   490 | D:1      | Reached XP level 2. HP: 13/13 MP: 3/6
   558 | D:1      | Reached skill level 1 in Conjurations
  1268 | D:2      | Reached XP level 3. HP: 16/16 MP: 8/8
  1272 | D:2      | Noticed Terence
  1283 | D:2      | Killed Terence
  1498 | D:2      | Reached XP level 4. HP: 13/21 MP: 9/9
  1594 | D:2      | Found a sacrificial altar of Ru.
  1839 | D:2      | Found a shattered altar of Ashenzari.
  1850 | D:2      | Noticed Robin
  1981 | D:2      | Killed Robin
  2525 | D:3      | Slain by an orc

Levels and vault maps discovered:
D:1:      co_arrival_random_square_maze, layout_basic
D:2:      layout_loops_cross, ashenzari_altar_1,
          nicolae_ru_sacrificial_ziggurat, first_ration, uniq_terence,
          uniq_robin
D:3:      layout_basic, hex_medium

Skill      XL: |  1  2  3  4 |
---------------+-------------+-----
Spellcasting   | 3 |  3.0
Conjurations   | 1 |  1.9
Stealth        | 4 |  4.4
Dodging        | 4 |  4.2
Poison Magic   | |  3.6

Action                   |  1- 3 |  4- 6 || total
-------------------------+-------+-------++-------
Melee: Unarmed           |     3 |       ||     3
       Dagger            |    35 |    94 ||   129
Throw: Boomerang         |       |    13 ||    13
 Cast: Sting             |    51 |    33 ||    84
 Stab: Sleeping          |     6 |     3 ||     9
Armor: Robe              |     4 |    15 ||    19
Dodge: Dodged            |    34 |   120 ||   154
